 Dungeon Crawl Stone Soup version 0.30-a0-1124-g6e8f0f562f (webtiles) character file.

Game seed: 13948519232256255485

1554 avis the Cutter (level 8, -4/63 HPs)
             Began as a Demigod Transmuter on Apr 23, 2023.
             Slain by a hornet (15 damage)
             ... on level 6 of the Dungeon on Apr 24, 2023.
             The game lasted 00:52:28 (7479 turns).

avis the Cutter (Demigod Transmuter)                Turns: 7479, Time: 00:52:28

Health: -4/63      AC:  2    Str: 15    XL:     8   Next: 32%
Magic:  3/17       EV: 20    Int: 15    God:
Gold:   409        SH:  5    Dex: 23    Spells: 1/14 levels left

rFire   . . .        a - melded +7 flail "Jeewnol" {holy, rCorr Int+8}
rCold   . . .        (shield currently unavailable)
rNeg    . . .        p - melded +0 robe
rPois   x            H - melded +0 helmet
rElec   .            K - melded +0 cloak
rCorr   +            f - melded +0 pair of gloves
SInv    .            d - melded +0 pair of boots
Will    .....        g - amulet of reflection
Stlth   ++           F - ring of resist corrosion
HPRegen 0.30/turn    (no ring)
MPRegen 0.15/turn

%: reflection
@: spider-form, slightly contaminated, slowed, very slow
A: venomous fangs, tiny, high MP 1, forlorn, divine attributes
a: End Transformation


You were on level 6 of the Dungeon.
You were a venomous arachnid creature.
You visited 2 branches of the dungeon, and saw 8 of its levels.

You collected 409 gold pieces.

Inventory:

Hand Weapons
 a - the +7 flail "Jeewnol" (melded) {holy, rCorr Int+8}
   (You found it on level 4 of the Dungeon)

   Int:       It affects your intelligence (+8).
   rCorr:     It protects you from acid and corrosion.
 b - a +0 sling
 w - the +8 Vampire's Tooth {megavamp}
   (You found it on level 2 of the Dungeon)
 J - a +2 heavy falchion
Missiles
 i - 10 poisoned darts
 A - 5 curare-tipped darts
Armour
 d - a +0 pair of boots (melded)
 f - a +0 pair of gloves (melded)
 p - a +0 robe (melded)
 H - a +0 helmet (melded)
 K - a +0 cloak (melded)
Jewellery
 g - an amulet of reflection (around neck)
 F - a ring of resist corrosion (left front pincers)
Wands
 u - a wand of polymorph (6)
 v - a wand of mindburst (5)
 M - a wand of flame (14)
Scrolls
 c - 3 scrolls of magic mapping
 l - a scroll of poison
 n - 2 scrolls of brand weapon {unknown}
 s - 3 scrolls of vulnerability {unknown}
 x - a scroll of immolation {unknown}
 y - a scroll of fog {unknown}
 B - 2 scrolls of enchant weapon {unknown}
 G - 4 scrolls of teleportation {unknown}
 I - 2 scrolls of blinking {unknown}
Potions
 e - 2 potions of flight
 h - a potion of invisibility {unknown}
 j - 3 potions of heal wounds {unknown}
 k - 2 potions of degeneration {unknown}
 m - 3 potions of might
 o - 5 potions of lignification
 q - 2 potions of brilliance {unknown}
 r - a potion of haste {unknown}
 t - 5 potions of curing
 z - a potion of mutation {unknown}
 C - a potion of resistance {unknown}
 D - a potion of attraction {unknown}
 E - 2 potions of ambrosia {unknown}
 O - a potion of magic {unknown}


   Skills:
 - Level 3.0 Fighting
 - Level 6.0 Short Blades
 - Level 2.0 Dodging
 - Level 3.0 Unarmed Combat
 * Level 3.8 Spellcasting
 - Level 5.0 Transmutations
 + Level 2.6 Ice Magic
 + Level 0.6 Air Magic
 - Level 1.0 Poison Magic


You had one spell level left.
You knew the following spells:

 Your Spells              Type           Power      Damage    Failure   Level
a - Beastly Appendage     Tmut           34%        N/A       9%          1
e - Wereblood             Tmut           17%        N/A       12%         2
f - Swiftness             Air            4%         N/A       61%         3
p - Spider Form           Tmut/Pois      11%        N/A       34%         3
q - Ice Form              Ice/Tmut       14%        N/A       58%         4

Your spell library contained the following spells:

 Spells                   Type           Power      Damage    Failure   Level
 Shock                    Conj/Air       12%        1d3       34%         1
 Necrotise                Necr           8%         1d4       38%         1
 Cigotuvi's Dreadful Rot  Necr/Pois/Air  8%         N/A       43%         2
 Vampiric Draining        Necr           2%         2d6       71%         3
 Airstrike                Air            2%         2d(1-17)  92%         4
 Alistair's Intoxication  Tmut/Pois      7%         N/A       94%         5
 Agony                    Necr           2%         N/A       100%        5
 Death Channel            Necr           1%         N/A       100%        6


Dungeon Overview and Level Annotations

Branches:
Dungeon (7/15)             Temple (1/1) D:4

Shops:
D:2 [   D:6 *


Innate Abilities, Weirdness & Mutations

You are a venomous arachnid creature.
You have venomous fangs.
You are tiny and dextrous.
Your spellcasting is less reliable in this form.
Your armour is entirely melded.
You are incapable of wielding weapons or throwing items.
You have an increased reservoir of magic. (+10% MP)
You shall have no god before yourself.
Your divine heritage dramatically boosts your attributes as you level up.


Message History

The spell is quite dangerous to miscast (22% risk of failure)!
Continue anyway?
You miscast Ice Form.
Multicoloured lights dance before your eyes.
You are lightly contaminated with residual magic.
You feel yourself speed up.
You feel very sick. The hornet barely misses you. The hornet stings you.
You feel yourself slow down.
Casting: Ice Form (quite dangerous; 22% risk of failure)
Confirm with . or Enter, or press ? or * to list all spells.
The spell is quite dangerous to miscast (22% risk of failure)!
Continue anyway?
You miscast Ice Form.
You are contaminated with residual magic.
You feel extremely cold!
You feel very sick. The hornet stings you!
You feel as though you will be slow longer.
The hornet stings you.
* * * LOW HITPOINT WARNING * * *
You feel as though you will be slow longer.
You feel less contaminated with magical energies.
Okay, then.
Okay, then.
Casting: Ice Form (quite dangerous; 22% risk of failure)
Confirm with . or Enter, or press ? or * to list all spells.
You turn into a venomous arachnid creature.
The +7 flail "Jeewnol" {holy, rCorr Int+8} melds into your body.
Your +0 cloak melds into your body.
Your +0 helmet melds into your body.
Your +0 pair of gloves melds into your body.
Your +0 pair of boots melds into your body.
Your +0 robe melds into your body.
The +7 flail "Jeewnol" {holy, rCorr Int+8} stops glowing.
You feel sick. The hornet misses you. The hornet closely misses you.
The hornet stings you!
* * * LOW HITPOINT WARNING * * *
You feel as though you will be slow longer.
You feel better.
The hornet stings you but does no damage.
The hornet stings you!
You die...

#....# #.[# #.# ###..#
#>## #.# #..#
#)#####.## #..#
#.##...#.. #..#
#.#.###.#. #..# #..##
##.# #..# #..# #..
##.#######)## ##.#
##s......[.).###...
####y....######[....##
#...........#.......##
#.##.....##.#.#..#...#
#.###...###.#.#.......
#.# #..## #.#.#.##...#
#.# #.## #.#.#.......
#.# #.# #.#.........
#.# #.# #.#.#.##..#.


You could see a hornet.

Vanquished Creatures
  Edmund (D:5)
  A water moccasin (D:7)
  An orc warrior (D:6)
  2 ogres
  A phantom (D:4)
  A gnoll sergeant (D:5)
  A scorpion (D:4)
  5 wights (D:6)
  3 jellies
  An orc priest (D:6)
  Ijyb (D:5)
  3 iguanas
  4 orc wizards
  Robin (D:4)
  5 gnolls
  8 adders
  2 worms
  6 dart slugs
  29 orcs
  2 ball pythons
  6 bats
  13 endoplasms
  A giant cockroach (D:1)
  8 hobgoblins
  6 jackals
  7 kobolds
  A quokka (D:4)
  7 frilled lizards
  19 goblins
  7 rats
153 creatures vanquished.

Vanquished Creatures (others)
  7 plants (D:3)
7 creatures vanquished.

Grand Total: 160 creatures vanquished

Notes
Turn   | Place    | Note
-------+----------+-------------------------------------------
     0 | D:1      | avis the Demigod Transmuter began the quest for the Orb.
     0 | D:1      | Reached XP level 1. HP: 15/15 MP: 5/5
    38 | D:1      | Reached skill level 1 in Fighting
   218 | D:1      | Reached XP level 2. HP: 23/23 MP: 5/7
   221 | D:1      | Learned a level 2 spell: Wereblood
  1133 | D:2      | Found Zatun's Antique Armour Shop.
  1210 | D:2      | Reached XP level 3. HP: 29/29 MP: 6/8
  1342 | D:2      | Reached skill level 1 in Poison Magic
  1346 | D:2      | Learned a level 3 spell: Spider Form
  1445 | D:2      | Found the +8 Vampire's Tooth {megavamp}
  2375 | D:3      | Reached XP level 4. HP: 37/37 MP: 9/9
  2493 | D:3      | Reached skill level 1 in Short Blades
  3143 | D:4      | Reached skill level 2 in Short Blades
  3149 | D:4      | Reached XP level 5. HP: 42/45 MP: 10/10
  3157 | D:4      | Reached skill level 3 in Short Blades
  3346 | D:4      | Found a staircase to the Ecumenical Temple.
  3347 | D:4      | Noticed an ogre
  3351 | D:4      | Reached XP level 6. HP: 51/51 MP: 12/12
  3360 | D:4      | Reached skill level 4 in Short Blades
  3367 | Temple   | Entered the Ecumenical Temple
  3667 | D:4      | Learned a level 4 spell: Ice Form
  3765 | D:4      | Identified the +7 flail "Jeewnol" {holy, rCorr Int+8}
  3835 | D:4      | Noticed Robin
  3851 | D:4      | Killed Robin
  4330 | D:5      | Entered Level 5 of the Dungeon
  4343 | D:5      | Reached skill level 5 in Short Blades
  4556 | D:5      | Noticed Edmund
  4583 | D:5      | Killed Edmund
  4584 | D:5      | Reached XP level 7. HP: 20/57 MP: 14/14
  4839 | D:5      | Noticed Ijyb
  4850 | D:5      | Killed Ijyb
  5491 | D:6      | Reached skill level 6 in Short Blades
  5570 | D:6      | Reached skill level 1 in Ice Magic
  6313 | D:6      | Reached XP level 8. HP: 58/63 MP: 11/15
  6711 | D:6      | Got the Directory of Amorphous Open Graves
  6733 | D:6      | Found Xaufal's Assorted Antiques.
  7210 | D:4      | Learned a level 3 spell: Swiftness
  7285 | D:7      | Reached skill level 5 in Transmutations
  7445 | D:7      | Noticed a hornet
  7475 | D:6      | Paralysed by a hornet for 1 turns
  7479 | D:6      | Slain by a hornet

Illustrated notes

Levels and vault maps discovered:
D:1:      psy_arrival_radial02, layout_loops_ring, roderic_filled_cross
D:2:      layout_loops_corners, serial_shops, shop
D:3:      layout_basic, chequers_temple_overflow_statue_of_worship,
          serial_bayou_crossing
D:4:      layout_loops_corners, minmay_temple_entry_ruins,
          minmay_joined_circles, uniq_robin
D:5:      layout_loops_ring, uniq_edmund, uniq_ijyb
D:6:      layout_loops_ring, serial_shops, kennysheep_mini,
          hangedman_decor_peaks_small
D:7:      cheibrodos_barr_body, layout_loops_cross, serial_shops,
          nicolae_shop_overgrown_old_shop, minmay_crystal_water
Temple:   nicolae_temple_bog_church

Skill      XL: |  1  2  3  4  5  6  7  8 |
---------------+-------------------------+-----
Fighting       | 1 2 3 |  3.0
Unarmed Combat | 3 |  3.0
Dodging        | 2 |  2.0
Spellcasting   | 2 3 |  3.8
Transmutations | 2 4 5 |  5.0
Poison Magic   | 1 |  1.0
Short Blades   | 2 3 5 6 |  6.0
Ice Magic      | 1 2 |  2.6
Air Magic      | |  0.6

Action                     |  1- 3 |  4- 6 |  7- 9 || total
---------------------------+-------+-------+-------++-------
  Melee: Unarmed           |    87 |     9 |    82 ||   178
         Headbutt          |    14 |    15 |       ||    29
         Kick              |    18 |    22 |       ||    40
         Punch             |     3 |     3 |     1 ||     7
         Quick blade       |    13 |   144 |    60 ||   217
         Flail             |       |       |    15 ||    15
   Fire: Sling             |    14 |       |       ||    14
   Cast: Beastly Appendage |    37 |    18 |       ||    55
         Spider Form       |       |     2 |    16 ||    18
         Ice Form          |       |       |     2 ||     2
Ability: End Transformatio |       |     2 |     5 ||     7
    Use: Scroll            |       |     5 |       ||     5
         Potion            |       |       |     1 ||     1
   Stab: Sleeping          |     3 |     3 |       ||     6
 Armour: Robe              |    16 |     7 |     4 ||    27
         Skin              |       |       |     4 ||     4
  Dodge: Dodged            |    35 |    32 |    89 ||   156
  Block: Other             |    12 |    10 |    25 ||    47
         Reflection        |     1 |       |       ||     1

Table legend: (Time is in decaauts)
 A = Elapsed time spent in this place.
 B = Non-inter-level travel time spent in this place.
 C = Inter-level travel time spent in this place.
 D = Time resting spent in this place.
 E = Time spent auto-exploring this place.
 F = Levels seen in this place.
 G = Mean time per level.
                   A        B        C        D        E       F      G
               +--------+--------+--------+--------+--------+-----+--------+
         Total |   7390 |   6793 |    597 |   1210 |   3919 |   8 |  923.8 |
       Dungeon |   7230 |   6634 |    596 |   1089 |   3919 |   7 | 1032.9 |
        Temple |    160 |    159 |      1 |    121 |      0 |   1 |  160.0 |
               +--------+--------+--------+--------+--------+-----+--------+

Top non-repeatable levels by time:
     D:5: 1721 daAuts
     D:1: 1192 daAuts
     D:6: 1184 daAuts
     D:4: 1162 daAuts
     D:2: 1028 daAuts
     D:3: 908 daAuts
  Temple: 160 daAuts
     D:7: 33 daAuts
